 Dungeon Crawl Stone Soup version 0.21.1-1-g345015fe64 (webtiles) character file.

20471 nailgun the Spear-Bearer (level 12, -1/113 HPs)
             Began as a Hill Orc Berserker on Feb 27, 2018.
             Was a High Priest of Trog.
             Slain by an ice devil (22 damage)
             ... summoned by an orc sorcerer
             ... on level 1 of the Orcish Mines.
             The game lasted 02:14:53 (17144 turns).

nailgun the Spear-Bearer (Hill Orc Berserker)      Turns: 17144, Time: 02:14:54

Health: -1/113     AC:  3    Str: 25    XL:     12   Next: 79%
Magic:  12/12      EV:  8    Int:  7    God:    Trog [*****.]
Gold:   574        SH:  0    Dex: 10    Spells: 11/11 levels left

rFire    . . .     SeeInvis .   C - +4 scythe (venom)
rCold    . . .     Gourm    .   (shield currently unavailable)
rNeg     . . .     Faith    .   e - +1 plate armour
rPois    +         Spirit   .   b - +0 helmet
rElec    .         Reflect  .   s - +0 cloak
rCorr    .         Harm     .   f - +2 pair of gloves
MR       ++...                  (no boots)
Stlth    ..........             (no amulet)
HPRegen  1.28/turn              i - ring of poison resistance
MPRegen  0.13/turn              (no ring)

@: about to teleport, corroded, berserk cooldown, regenerating, slowed, drained,
very slow
A: no striking features
a: Berserk, Trog's Hand, Brothers in Arms, Burn Spellbooks, Renounce Religion,
Convert to Beogh


You were on level 1 of the Orcish Mines.
You worshipped Trog.
Trog was extremely pleased with you.
You were not hungry.

You visited 4 branches of the dungeon, and saw 14 of its levels.

You collected 1204 gold pieces.
You spent 630 gold pieces at shops.

Inventory:

Hand Weapons
 j - a +2 antimagic dire flail
 C - a +4 scythe of venom (weapon)
Missiles
 o - 12 tomahawks (quivered)
Armour
 b - a +0 helmet (worn)
 e - a +1 plate armour (worn)
 f - a +2 pair of gloves (worn)
 s - a +0 cloak (worn)
Jewellery
 i - a ring of poison resistance (left hand)
Wands
 a - a wand of flame (17)
 d - a wand of digging (12)
 q - a wand of polymorph (28)
 v - a wand of iceblast (1)
Scrolls
 g - 3 scrolls of teleportation
 h - 3 scrolls of fear
 p - 4 scrolls of remove curse
Potions
 k - 2 potions of invisibility
 m - a potion of haste
 n - a potion of magic
 r - a potion of curing
 t - 2 potions of agility
 u - a potion of brilliance {unknown}
 w - 3 potions of mutation
 x - 3 potions of cancellation
 A - a potion of might {unknown}
Comestibles
 c - 8 rations


   Skills:
 * Level 12.5(11.8) Fighting
   Level 11.3(14.8) Axes
 - Level 3.0(6.3) Maces & Flails
 - Level 14.7(14.9) Polearms
 + Level 12.8(12.2) Armour
 - Level 1.5(1.0) Dodging


You had 11 spell levels left.
You didn't know any spells.

Dungeon Overview and Level Annotations

Branches:
Dungeon (10/15)            Temple (1/1) D:5            Lair (0/6) D:9
    Orc (2/2) D:10            Elf (1/3) Orc:2

Altars:
Ashenzari
Cheibriados
Dithmenos
Elyvilon
Fedhas
Gozag
Hepliaklqana
Kikubaaqudgha
Makhleb
Nemelex Xobeh
Okawaru
Qazlal
Ru
Sif Muna
Trog
Uskayaw
Vehumet
Wu Jian
Xom
Yredelemnul
Zin
The Shining One

Shops:
D:7 *   Orc:2 :}*=


Message History

The rust devil is severely wounded.
The orc sorcerer hits you but does no damage.
The ice devil hits you. The ice devil freezes you!!
The rust devil barely misses you.
The orc sorcerer hits you with a dagger.
The ice devil hits you. The ice devil freezes you!!
The rust devil completely misses you.
As you read the scroll of teleportation, it crumbles to dust.
You feel strangely unstable.
The orc sorcerer hits you but does no damage.
The ice devil hits you! The ice devil freezes you!
* * * LOW HITPOINT WARNING * * *
The rust devil hits you.
* * * LOW HITPOINT WARNING * * *
The rust devil corrodes you!
The orc warrior shouts!
You hear a shout! x2
The ice devil hits you.
* * * LOW HITPOINT WARNING * * *
The ice devil freezes you!!
You die...

...[.......#..####.######
...)...o.......##...#
..o...#.[))...#.#..##
.....####.)........# ..
#)..........# ...#
##......#....# o....
###....#...#.##
......#.o4...#....##
#.@44o.####.##
.............# ###
..o..........#
..........####
..........# ..##......#
## ########


You could see an ice devil, a rust devil, a chaos spawn, an orc sorcerer, an orc
warrior, an orc priest and an orc.

Vanquished Creatures
  An orc warlord (Orc:1)
  7 two-headed ogres
  2 deep trolls
  A deep elf mage (Orc:2)
  2 cyclopes
  11 trolls
  A hornet (D:8)
  Grinder (D:6)
  2 hippogriffs
  Sigmund (D:2)
  6 yaks (D:9)
  5 wargs
  A soldier ant (D:8)
  Duvessa (D:6)
  A hornet zombie (D:9)
  3 ice beasts
  16 orc warriors
  A phantom (D:4)
  2 sky beasts
  A black bear (D:7)
  An eye of draining (D:8)
  17 ogres
  A necrophage (D:6)
  6 centaurs
  5 bullfrogs
  A gnoll sergeant (D:5)
  Dowan (D:6)
  3 scorpions
  A water moccasin skeleton (D:7)
  4 killer bees (D:9)
  A howler monkey (D:4)
  4 wights
  4 crimson imps
  4 hounds
  A jelly (D:5)
  A centaur zombie (D:5)
  Crazy Yiuf (D:2)
  19 orc priests
  19 orc wizards
  2 bullfrog skeletons
  Jessica (D:2)
  Natasha (D:3)
  Terence (D:2)
  2 iguanas
  10 worker ants
  11 gnolls
  9 adders
  A shadow imp (D:7)
  An ooze (D:2)
  An adder skeleton (D:4)
  4 worms
  3 dart slugs (D:3)
  4 leopard geckos
  75 orcs
  A ball python (D:4)
  8 giant cockroaches
  6 goblins
  7 hobgoblins
  3 jackals
  5 kobolds
  2 quokkas
  6 bats
  6 frilled lizards
  A quokka zombie (D:7)
  5 rats
336 creatures vanquished.

Vanquished Creatures (collateral kills)
  4 orc warriors (Orc:1)
  An ogre (Orc:1)
  An orc wizard (Orc:1)
  3 orcs (Orc:1)
9 creatures vanquished.

Vanquished Creatures (others)
  An orc wizard (D:9)
1 creature vanquished.

Grand Total: 346 creatures vanquished

Notes
Turn   | Place    | Note
-------+----------+-------------------------------------------
     0 | D:1      | nailgun the Hill Orc Berserker began the quest for the Orb.
     0 | D:1      | Reached XP level 1. HP: 19/19 MP: 1/1
   399 | D:1      | Reached XP level 2. HP: 23/27 MP: 2/2
   895 | D:1      | Reached XP level 3. HP: 30/33 MP: 3/3
  1214 | D:2      | Reached skill level 5 in Axes
  1233 | D:3      | Noticed Terence
  1269 | D:2      | Killed Terence
  1459 | D:2      | Reached XP level 4. HP: 41/41 MP: 4/4
  1486 | D:2      | Found an iron altar of Okawaru.
  1635 | D:2      | Reached ** piety under Trog
  1798 | D:2      | Found a runed door.
  1890 | D:2      | Noticed Jessica
  1908 | D:2      | Killed Jessica
  2019 | D:2      | Noticed Sigmund
  2054 | D:2      | Killed Sigmund
  2054 | D:2      | Reached skill level 5 in Fighting
  2054 | D:2      | Reached XP level 5. HP: 48/48 MP: 5/5
  2054 | D:2      | Reached XP level 6. HP: 56/56 MP: 6/6
  2398 | D:2      | Noticed Crazy Yiuf
  2402 | D:2      | Killed Crazy Yiuf
  3177 | D:3      | Noticed Natasha
  3187 | D:3      | Killed Natasha
  3300 | D:4      | Reached *** piety under Trog
  3303 | D:4      | Reached XP level 7. HP: 61/61 MP: 7/7
  3380 | D:3      | Found a blossoming altar of Fedhas.
  3602 | D:4      | Reached skill level 1 in Maces & Flails
  3629 | D:5      | Entered Level 5 of the Dungeon
  4269 | D:4      | Reached XP level 8. HP: 59/70 MP: 8/8
  4324 | D:4      | Reached skill level 5 in Armour
  4966 | D:5      | Reached skill level 10 in Axes
  5057 | D:5      | Reached **** piety under Trog
  5291 | D:6      | Noticed Grinder
  5300 | D:6      | Killed Grinder
  5421 | D:5      | Found a staircase to the Ecumenical Temple.
  5429 | Temple   | Entered the Ecumenical Temple
  5667 | D:5      | Reached XP level 9. HP: 75/75 MP: 9/9
  6917 | D:6      | Noticed Duvessa
  6918 | D:6      | Noticed Dowan
  6939 | D:6      | Killed Duvessa
  6944 | D:6      | Killed Dowan
  6944 | D:6      | Reached ***** piety under Trog
  7026 | D:6      | Reached skill level 10 in Armour
  7191 | D:6      | Found a hazy altar of Hepliaklqana.
  7595 | D:6      | Reached XP level 10. HP: 85/86 MP: 10/10
  8657 | D:7      | Found Busa Qygh's Assorted Antiques.
  8731 | D:7      | Found a sparkling altar of Nemelex Xobeh.
  8826 | D:8      | Reached skill level 1 in Polearms
  8859 | D:9      | Reached skill level 2 in Polearms
  9082 | D:8      | Reached skill level 4 in Polearms
  9273 | D:8      | Reached skill level 5 in Polearms
  9426 | D:8      | Reached skill level 6 in Polearms
  9675 | D:9      | Reached skill level 7 in Polearms
  9702 | D:9      | Reached skill level 8 in Polearms
  9913 | D:9      | Found a staircase to the Lair.
  9920 | D:9      | Reached skill level 9 in Polearms
  9999 | D:10     | Entered Level 10 of the Dungeon
 10042 | D:10     | Reached skill level 10 in Polearms
 10363 | D:9      | Reached skill level 11 in Polearms
 10379 | D:9      | Reached skill level 12 in Polearms
 10379 | D:9      | Reached XP level 11. HP: 53/97 MP: 11/11
 10934 | D:9      | Reached skill level 13 in Polearms
 11309 | D:10     | Found a staircase to the Orcish Mines.
 11336 | Orc:1    | Entered Level 1 of the Orcish Mines
 11659 | Orc:2    | Entered Level 2 of the Orcish Mines
 11659 | Orc:2    | Noticed an orc warlord
 11856 | Orc:2    | Found Aroeg's Gadget Emporium.
 12012 | Orc:1    | Killed an orc warlord
 12012 | Orc:1    | Reached skill level 14 in Polearms
 13427 | Orc:2    | Bought a wand of flame (18) for 150 gold pieces
 13427 | Orc:2    | Bought a wand of digging (12) for 480 gold pieces
 13475 | Orc:2    | Found a staircase to the Elven Halls.
 13500 | Orc:2    | Found Famoupli's General Store.
 13526 | Elf:1    | Entered Level 1 of the Elven Halls
 13528 | Elf:1    | Noticed a deep elf mage
 13528 | Elf:1    | Noticed a deep elf mage
 13529 | Elf:1    | Noticed a deep elf mage
 13562 | Orc:2    | Killed a deep elf mage
 13758 | Orc:2    | Found Kautsit's Jewellery Shoppe.
 13780 | Orc:2    | Noticed a cyclops
 13783 | Orc:2    | Noticed a two-headed ogre
 13852 | Orc:1    | Killed a two-headed ogre
 14152 | Orc:1    | Reached skill level 10 in Fighting
 14386 | Orc:2    | Found Taibb's Book Boutique.
 14456 | Orc:2    | Noticed a two-headed ogre
 14463 | Orc:2    | Killed a two-headed ogre
 14463 | Orc:2    | Reached XP level 12. HP: 79/107 MP: 12/12
 14558 | Orc:2    | Noticed a two-headed ogre
 14568 | Orc:2    | Killed a two-headed ogre
 15347 | Orc:2    | Received a gift from Trog
 15382 | Orc:2    | Noticed a two-headed ogre
 15393 | Orc:1    | Killed a two-headed ogre
 15587 | Orc:2    | Noticed a two-headed ogre
 15618 | Orc:2    | Killed a two-headed ogre
 15835 | Orc:2    | Noticed a two-headed ogre
 16097 | Orc:2    | Noticed a two-headed ogre
 16134 | Orc:1    | Killed a two-headed ogre
 16303 | Orc:1    | Killed a two-headed ogre
 17144 | Orc:1    | Slain by an ice devil

Skill      XL: |  1  2  3  4  5  6  7  8  9 10 11 12 |
---------------+-------------------------------------+-----
Fighting       | 4 5 6 7 9 10 12 | 12.5
Axes           | 5 7 8 9 10 11 | 11.3
Armour         | 3 4 7 10 11 12 | 12.8
Maces & Flails | 1 2 3 |  3.0
Polearms       | 12 14 | 14.7
Dodging        | |  1.5

Action                   |  1- 3 |  4- 6 |  7- 9 | 10-12 || total
-------------------------+-------+-------+-------+-------++-------
Melee: Hand axe          |   114 |   182 |       |       ||   296
       Flail             |       |       |   417 |       ||   417
       Morningstar       |       |       |    13 |    41 ||    54
       Scythe            |       |       |       |   507 ||   507
Throw: Stone             |     7 |    10 |       |       ||    17
       Tomahawk          |       |       |     7 |    48 ||    55
Invok: Berserk           |       |     3 |     3 |     7 ||    13
       Burn Spellbooks   |       |     2 |       |       ||     2
       Trog's Hand       |       |     1 |     2 |     2 ||     5
       Brothers in Arms  |       |       |       |     2 ||     2
Evoke: Wand              |       |       |     2 |     6 ||     8
  Use: Scroll            |     5 |       |    12 |     3 ||    20
       Potion            |       |       |     1 |     5 ||     6
  Eat: Chunk             |     2 |       |       |     1 ||     3
       Ration            |       |     3 |     5 |    11 ||    19
Armor: Plate armour      |    72 |   103 |   357 |   506 ||  1038
       Animal skin       |     4 |       |       |       ||     4
       Skin              |       |     1 |       |       ||     1
Dodge: Dodged            |    31 |    68 |   156 |   329 ||   584
